 Dungeon Crawl Stone Soup version 0.19-a0-1790-g026f1ef (console) character file.

1026 Gottschkopf the Thaumaturge (level 8, 0/41 HPs)
             Began as a Deep Elf Air Elementalist on Oct 4, 2016.
             Slain by a centaur (8 damage)
             ... on level 5 of the Dungeon.
             The game lasted 00:18:32 (4046 turns).

Gottschkopf the Thaumaturge (DEAE)                  Turns: 4046, Time: 00:18:32

Health: 0/41       AC:  6    Str:  5    XL:     8   Next: 2%
Magic:  10/23      EV: 13    Int: 26    God:
Gold:   207        SH:  0    Dex: 15    Spells: 5 memorised, 12 levels left

rFire  . . .     SeeInvis .     E - staff of poison
rCold  . . .     Gourm    .     a - +0 robe
rNeg   . . .     Faith    .     (no shield)
rPois  +         Spirit   .     u - +2 helmet {Int+3}
rElec  .         Dismiss  .     (no cloak)
rCorr  .         Reflect  .     (no gloves)
MR     .....     Harm     .     y - +0 pair of boots
Stlth  ++........               (no amulet)
                                (no ring)
                                (no ring)

@: no status effects
A: no striking features
a: no special abilities


You were on level 5 of the Dungeon.
You were not hungry.

You visited 1 branch of the dungeon, and saw 5 of its levels.
You also visited: Ossuary.

You collected 279 gold pieces.
You spent 72 gold pieces at shops.

Inventory:

Hand Weapons
 l - a +3 short sword of protection
 m - a +2 short sword of speed
Armour
 a - a +0 robe (worn)
 u - a +2 helmet of intelligence (worn)
 y - a +0 pair of boots (worn)
Magical Staves
 E - an uncursed staff of poison (weapon)
Jewellery
 e - an uncursed ring of ice
 p - an uncursed ring of fire
 v - an uncursed ring of ice
Scrolls
 g - a scroll of recharging
 h - a scroll of teleportation
 n - 2 scrolls of remove curse
 x - a scroll of fog
Potions
 j - 2 potions of magic
 k - 4 potions of curing
 o - a potion of ambrosia {unknown}
 q - a potion of haste {unknown}
 r - a potion of resistance {unknown}
 t - a potion of agility
 w - a potion of brilliance
 z - a potion of cure mutation {unknown}
 B - a potion of berserk rage {unknown}
 C - a potion of heal wounds {unknown}
Books
 b - a book of Air

   Spells                             Type                      Level
   a - Shock                          Conjuration/Air              1
   b - Swiftness                      Charms/Air                   2
   c - Repel Missiles                 Charms/Air                   2
   d - Static Discharge               Conjuration/Air              3
   e - Lightning Bolt                 Conjuration/Air              5
Comestibles
 c - 4 bread rations
 s - a meat ration
 F - a slice of pizza


   Skills:
 - Level 2.4 Dodging
 - Level 2.4 Stealth
 - Level 9.0 Spellcasting
 + Level 5.2 Conjurations
 + Level 5.5 Air Magic


You had 12 spell levels left.
You knew the following spells:

 Your Spells              Type           Power        Failure   Level  Hunger
a - Shock                 Conj/Air       ####         1%          1    None
b - Repel Missiles        Chrm/Air       ####..       2%          2    None
c - Swiftness             Chrm/Air       ####....     2%          2    None
d - Static Discharge      Conj/Air       #####...     1%          3    None
e - Lightning Bolt        Conj/Air       #####.....   17%         5    ####...


Dungeon Overview and Level Annotations

Branches:
Dungeon (5/15)
 Temple: D:4-7

Altars:
Gozag
Zin

Shops:
D:5 ?


Message History

You hit the centaur.
The centaur is lightly wounded.
The centaur hits you but does no damage. x2
You closely miss the centaur.
The centaur is lightly wounded.
The centaur barely misses you.
You hit the centaur but do no damage.
The centaur is lightly wounded.
The centaur hits you.
* * * LOW HITPOINT WARNING * * *
The centaur hits you but does no damage.
Cast which spell? (? or * to list)
The centaur is struck by lightning.
The centaur is lightly wounded.
The lightning arcs!
You are struck by lightning.
* * * LOW HITPOINT WARNING * * *
The lightning arcs!
The centaur is struck by lightning.
The centaur is heavily wounded.
The lightning grounds out.
The centaur hits you!
You die...

#.#....§§......#
#.......§§§§##.#
#####.##§§§.##.#
#.##§§§§##.#
#.########.# *#'#*
##.## **...** #...#
**,...,*#####.####
**,,...,,#$....(@c#
#,,,,,,....###....#**
',,,,,,..,,...!.....#
#,,,,,,,,..###......#
**,,,,,,,*,* #......#
**,,..,**,* ##.....#
**...***,* #.....#
*#'#* *,***###.###
#.# *,,,,,,,,*


You could see a centaur.

Vanquished Creatures
  Grinder (D:3)
  A phantom (D:5)
  A centaur (D:5)
  2 elf zombies (Ossuary)
  2 hounds
  A centaur zombie (Ossuary)
  2 human zombies (Ossuary)
  A jelly (D:5)
  Ijyb (D:2)
  Terence (D:3)
  2 big kobold zombies (Ossuary)
  A hound zombie (Ossuary)
  3 mummies (Ossuary)
  Robin (D:3)
  4 adders
  A shadow imp (D:5)
  An ooze (D:3)
  2 adder skeletons (D:5)
  2 adder zombies (Ossuary)
  2 worms (D:3)
  4 dart slugs
  5 leopard geckos
  8 orcs (D:3)
  8 bats
  3 giant cockroaches
  A gnoll zombie (Ossuary)
  19 goblins
  10 hobgoblins
  3 jackals (D:1)
  15 kobolds
  2 quokkas (D:2)
  6 frilled lizards
  3 goblin zombies (Ossuary)
  A hobgoblin zombie (Ossuary)
  7 jackal zombies (Ossuary)
  A kobold zombie (Ossuary)
  A leopard gecko skeleton (D:4)
  2 orc zombies (Ossuary)
  5 quokka zombies (Ossuary)
  8 rats
  6 rat zombies (Ossuary)
150 creatures vanquished.

Notes
Turn   | Place    | Note
-------+----------+-------------------------------------------
     0 | D:1      | Gottschkopf the Deep Elf Air Elementalist began the quest for the Orb.
     0 | D:1      | Reached XP level 1. HP: 10/10 MP: 6/6
   117 | D:1      | Reached skill level 4 in Spellcasting
   117 | D:1      | Reached XP level 2. HP: 15/15 MP: 2/9
   182 | D:1      | Learned a level 2 spell: Repel Missiles
   185 | D:1      | Learned a level 2 spell: Swiftness
   470 | D:1      | Reached XP level 3. HP: 18/19 MP: 1/11
   476 | D:1      | Learned a level 3 spell: Static Discharge
   700 | D:1      | Reached skill level 5 in Spellcasting
  1040 | D:2      | Noticed Ijyb
  1048 | D:2      | Killed Ijyb
  1131 | D:2      | Reached XP level 4. HP: 24/24 MP: 10/13
  1167 | D:2      | Reached skill level 6 in Spellcasting
  1824 | D:3      | Reached skill level 7 in Spellcasting
  1910 | D:3      | Reached XP level 5. HP: 28/28 MP: 13/16
  1931 | D:3      | Noticed Grinder
  1967 | D:3      | Killed Grinder
  1967 | D:3      | Reached skill level 9 in Spellcasting
  1967 | D:3      | Reached XP level 6. HP: 18/32 MP: 11/20
  1975 | D:3      | Learned a level 5 spell: Lightning Bolt
  2360 | D:3      | Noticed Terence
  2371 | D:3      | Killed Terence
  2434 | D:3      | Noticed Robin
  2446 | D:3      | Killed Robin
  2713 | D:4      | You fall through a shaft!
  2713 | D:5      | Entered Level 5 of the Dungeon
  2755 | D:5      | Reached XP level 7. HP: 36/36 MP: 18/21
  2811 | D:5      | Found a sand-covered staircase.
  2819 | Ossuary  | Entered an ossuary
  3318 | Ossuary  | Reached skill level 5 in Air Magic
  3740 | D:5      | Found a glowing silver altar of Zin.
  3740 | D:5      | Found an opulent altar of Gozag.
  4003 | D:5      | Found Mogoe's Magic Scroll Shop.
  4016 | D:5      | Reached skill level 5 in Conjurations
  4016 | D:5      | Reached XP level 8. HP: 21/41 MP: 8/23
  4021 | D:5      | Bought a scroll of identify for 24 gold pieces
  4021 | D:5      | Bought a scroll of identify for 24 gold pieces
  4021 | D:5      | Bought a scroll of identify for 24 gold pieces
  4046 | D:5      | Slain by a centaur

Vault maps used:
D:1:      minmay_arrival_arboretum_small
D:2:      serial_bayou_pond_a, minmay_tromino_v2, uniq_iyjb
D:3:      first_bread, minmay_splitting_lines, kennysheep_generic_room_10,
          uniq_terence, uniq_robin, uniq_grinder
D:5:      grunt_temple_overflow_gold_and_silver, nicolae_ossuary_entry_ruins,
          serial_shops, shop_fountains, nicolae_tso_swordbearing_angel
Ossuary:  minmay_ossuary_two_tombs

Skill      XL: |  1  2  3  4  5  6  7 |
---------------+----------------------+-----
Spellcasting   | 4 5 7 9 |  9.0
Conjurations   | 3 5 |  5.2
Air Magic      | 5 |  5.5
Dodging        | |  2.4
Stealth        | |  2.4

Action                   |  1- 3 |  4- 6 |  7- 9 || total
-------------------------+-------+-------+-------++-------
Melee: Short sword       |     2 |     8 |    76 ||    86
       Club              |     2 |       |       ||     2
       Staff             |       |       |     3 ||     3
 Cast: Shock             |    68 |   134 |    88 ||   290
       Repel Missiles    |     1 |       |       ||     1
       Static Discharge  |       |     1 |    12 ||    13
  Use: Scroll            |       |     8 |     7 ||    15
 Stab: Sleeping          |       |     1 |       ||     1
  Eat: Chunk             |       |     5 |     1 ||     6
       Meat ration       |       |       |     1 ||     1
Armor: Robe              |     3 |     7 |    41 ||    51
Dodge: Dodged            |    17 |    15 |    74 ||   106
       Deflected         |       |     3 |       ||     3
